NWL (28 & UNDER)
MOOSE JAW GHOSTBUSTERS @ BALZAC RAMS
07/29/2026
 
TOP OF THE 1ST
Moose Jaw Ghostbusters batting - Pitching for Balzac Rams : RHP Li-cong Sima
Pitching: RHP Li-cong Sima
Batting: RHB Manuel Pérez 0-0: Called Strike
0-1: Foul Ball, location: 2F
0-2: Ball
1-2: Fly out, F7 (Line Drive, 7S)
Batting: LHB Will Vale 0-0: Called Strike
0-1: Ball
1-1: Ball
2-1: Fly out, F7 (Flyball, 7S)
Batting: RHB John Major 0-0: Ground out 6-3 (Groundball, 6M)
Top of the 1st over - 0 run(s), 0 hit(s), 0 error(s), 0 left on base; Moose Jaw 0 - Balzac 0
BOTTOM OF THE 1ST
Balzac Rams batting - Pitching for Moose Jaw Ghostbusters : LHP Martin White
Pitching: LHP Martin White
Batting: RHB Manuel Pérez 0-0: Foul Ball, location: 2F
0-1: Ball
1-1: Ground out 6-3 (Groundball, 6M)
Batting: RHB Enrico Ramos 0-0: Ball
1-0: Called Strike
1-1: Foul Ball, location: 2F
1-2: Foul Ball, location: 2F
1-2: Foul Ball, location: 2F
1-2: Ball
2-2: Foul Ball, location: 2F
2-2: Strikes out swinging
Batting: RHB Paul Spencer 0-0: Ball
1-0: Swinging Strike
1-1: Foul Ball, location: 2F
1-2: Strikes out swinging
Bottom of the 1st over - 0 run(s), 0 hit(s), 0 error(s), 0 left on base; Moose Jaw 0 - Balzac 0
TOP OF THE 2ND
Moose Jaw Ghostbusters batting - Pitching for Balzac Rams : RHP Li-cong Sima
Batting: RHB Paco Hernández 0-0: SINGLE (Line Drive, 8LS)
Batting: LHB Dave Stewart 0-0: Ball
1-0: Called Strike
1-1: Ball
2-1: Ground out 4-3 (Groundball, 4MS)
Paco Hernández to second
Batting: RHB Luis Miguel Sánchez 0-0: SINGLE (Line Drive, 8RS)
Paco Hernández to third
Runner from 3rd tries for Home, SAFE, throw made home
Luis Miguel Sánchez to second
Batting: RHB Dan Hooper 0-0: Ground out 5-3 (Groundball, 15S)
Luis Miguel Sánchez to third
Batting: RHB Juan Vázquez 0-0: Ball
1-0: Called Strike
1-1: Called Strike
1-2: Strikes out swinging
Top of the 2nd over - 1 run(s), 2 hit(s), 0 error(s), 1 left on base; Moose Jaw 1 - Balzac 0
BOTTOM OF THE 2ND
Balzac Rams batting - Pitching for Moose Jaw Ghostbusters : LHP Martin White
Batting: RHB Ron Glass 0-0: Ball
1-0: Called Strike
1-1: Ball
2-1: Ground out 6-3 (Groundball, 6)
Batting: LHB José Román 0-0: Called Strike
0-1: Swinging Strike
0-2: Strikes out looking
Batting: RHB Shaun Puckett 0-0: Ball
1-0: Ground out 4-3 (Groundball, 4)
Bottom of the 2nd over - 0 run(s), 0 hit(s), 0 error(s), 0 left on base; Moose Jaw 1 - Balzac 0
TOP OF THE 3RD
Moose Jaw Ghostbusters batting - Pitching for Balzac Rams : RHP Li-cong Sima
Batting: LHB John Robbins 0-0: Ball
1-0: Ball
2-0: Ground out 4-3 (Groundball, 4M)
Batting: RHB Manuel Pérez 0-0: Ball
1-0: DOUBLE (Groundball, 5L)
Batting: LHB Will Vale 0-0: Called Strike
0-1: Called Strike
0-2: Strikes out swinging
Batting: RHB John Major 0-0: Called Strike
Throwing error on steal attempt, E2
Manuel Pérez scores
0-1: Foul Ball, location: 2F
0-2: Ball
1-2: Ball
2-2: Ball
3-2: Ground out 4-3 (Groundball, 4)
Top of the 3rd over - 1 run(s), 1 hit(s), 1 error(s), 0 left on base; Moose Jaw 2 - Balzac 0
BOTTOM OF THE 3RD
Balzac Rams batting - Pitching for Moose Jaw Ghostbusters : LHP Martin White
Batting: RHB Luis Suárez 0-0: Ball
1-0: SOLO HOME RUN (Flyball, 7D), Distance : 414 ft
Batting: RHB Jeff Stevenson 0-0: Ball
1-0: Called Strike
1-1: Ground out 5-3 (Groundball, 56S)
Batting: RHB Brian Parks 0-0: Ground out 5-3 (Groundball, 56S)
Batting: RHB Manuel Pérez 0-0: Ball
1-0: Ball
2-0: Foul Ball, location: 2F
2-1: Ball
3-1: TRIPLE (Flyball, 8RXD)
Batting: RHB Enrico Ramos 0-0: Called Strike
0-1: Ball
1-1: Ground out 4-3 (Groundball, 4)
Bottom of the 3rd over - 1 run(s), 2 hit(s), 0 error(s), 1 left on base; Moose Jaw 2 - Balzac 1
TOP OF THE 4TH
Moose Jaw Ghostbusters batting - Pitching for Balzac Rams : RHP Li-cong Sima
Batting: RHB Paco Hernández 0-0: Called Strike
0-1: Called Strike
0-2: Fly out, F7 (Flyball, 7S)
Batting: LHB Dave Stewart 0-0: Foul Ball, location: 2F
0-1: Called Strike
0-2: Ball
1-2: Foul Ball, location: 2F
1-2: Ball
2-2: Strikes out looking
Batting: RHB Luis Miguel Sánchez 0-0: Ground out 6-3 (Groundball, 6M)
Top of the 4th over - 0 run(s), 0 hit(s), 0 error(s), 0 left on base; Moose Jaw 2 - Balzac 1
BOTTOM OF THE 4TH
Balzac Rams batting - Pitching for Moose Jaw Ghostbusters : LHP Martin White
Batting: RHB Paul Spencer 0-0: Ball
1-0: Ground out 3-1 (Groundball, 34)
Batting: RHB Ron Glass 0-0: SINGLE (Groundball, 56D)
Batting: LHB José Román 0-0: Ball
1-0: Called Strike
1-1: Foul Ball, location: 2F
1-2: Ball
2-2: Grounds into double play, 6-4-3 (Groundball, 6M)
Bottom of the 4th over - 0 run(s), 1 hit(s), 0 error(s), 0 left on base; Moose Jaw 2 - Balzac 1
TOP OF THE 5TH
Moose Jaw Ghostbusters batting - Pitching for Balzac Rams : RHP Li-cong Sima
Batting: RHB Dan Hooper 0-0: Called Strike
0-1: Swinging Strike
0-2: Strikes out swinging
Batting: RHB Juan Vázquez 0-0: Ball
1-0: SINGLE (Groundball, 6D)
Batting: LHB John Robbins 0-0: Ball
Juan Vázquez steals 2nd base
1-0: SINGLE (Groundball, 34D)
Juan Vázquez to third
Runner from 3rd tries for Home, throw and OUT!
John Robbins to second
Batting: RHB Manuel Pérez 0-0: Ball
1-0: Foul Ball, location: 2F
1-1: Foul Ball, location: 2F
1-2: Ground out 1-3 (Groundball, 13)
Top of the 5th over - 0 run(s), 2 hit(s), 0 error(s), 1 left on base; Moose Jaw 2 - Balzac 1
BOTTOM OF THE 5TH
Balzac Rams batting - Pitching for Moose Jaw Ghostbusters : LHP Martin White
Batting: RHB Shaun Puckett 0-0: Called Strike
0-1: Foul Ball, location: 2F
0-2: Ball
1-2: Ball
2-2: Foul Ball, location: 2F
2-2: Ball
3-2: Strikes out looking
Batting: RHB Luis Suárez 0-0: Ball
1-0: Called Strike
1-1: Ball
2-1: Called Strike
2-2: Ground out 6-3 (Groundball, 6)
Batting: RHB Jeff Stevenson 0-0: Ground out 6-3 (Groundball, 6)
Bottom of the 5th over - 0 run(s), 0 hit(s), 0 error(s), 0 left on base; Moose Jaw 2 - Balzac 1
TOP OF THE 6TH
Moose Jaw Ghostbusters batting - Pitching for Balzac Rams : RHP Li-cong Sima
Batting: LHB Will Vale 0-0: Ball
1-0: Foul Ball, location: 2F
1-1: Ball
2-1: Foul Ball, location: 2F
2-2: Ball
3-2: Strikes out swinging
Pitching: LHP Júlio Castillo
Batting: RHB John Major 0-0: Ball
1-0: Foul Ball, location: 2F
1-1: Ball
2-1: SINGLE (Line Drive, 8LS)
Batting: RHB Paco Hernández 0-0: Ball
1-0: Foul Ball, location: 2F
1-1: Ball
2-1: Foul Ball, location: 2F
2-2: Strikes out swinging
Pitching: RHP John Wells
Batting: LHB Dave Stewart 0-0: Ball
1-0: Ball
2-0: Swinging Strike
2-1: Ground out 6-3 (Groundball, 6)
Top of the 6th over - 0 run(s), 1 hit(s), 0 error(s), 1 left on base; Moose Jaw 2 - Balzac 1
BOTTOM OF THE 6TH
Balzac Rams batting - Pitching for Moose Jaw Ghostbusters : LHP Martin White
Batting: RHB Brian Parks 0-0: Foul Ball, location: 2F
0-1: Fly out, F3 (Popup, 3SF)
Batting: RHB Manuel Pérez 0-0: Called Strike
0-1: Called Strike
0-2: Strikes out looking
Batting: RHB Enrico Ramos 0-0: Ground out 1-3 (Groundball, 13)
Bottom of the 6th over - 0 run(s), 0 hit(s), 0 error(s), 0 left on base; Moose Jaw 2 - Balzac 1
TOP OF THE 7TH
Moose Jaw Ghostbusters batting - Pitching for Balzac Rams : RHP John Wells
Batting: RHB Luis Miguel Sánchez 0-0: Called Strike
0-1: Ball
1-1: Ball
2-1: Called Strike
2-2: Foul Ball, location: 2F
2-2: Foul Ball, location: 2F
2-2: Ground out 6-3 (Groundball, 6)
Batting: RHB Dan Hooper 0-0: Foul Ball, location: 2F
0-1: Called Strike
0-2: Ball
1-2: Ball
2-2: Strikes out swinging
Batting: RHB Juan Vázquez 0-0: Ball
1-0: Ball
2-0: Ball
3-0: Base on Balls
Batting: LHB John Robbins 0-0: Ball
Juan Vázquez steals 2nd base
1-0: Swinging Strike
1-1: Ground out 6-3 (Groundball, 6)
Top of the 7th over - 0 run(s), 0 hit(s), 0 error(s), 1 left on base; Moose Jaw 2 - Balzac 1
BOTTOM OF THE 7TH
Balzac Rams batting - Pitching for Moose Jaw Ghostbusters : LHP Martin White
Batting: RHB Paul Spencer 0-0: SINGLE (Groundball, 56D)
Batting: RHB Ron Glass 0-0: Ball
1-0: Called Strike
1-1: Ball
2-1: Grounds into double play, 6-4-3 (Groundball, 6)
Batting: LHB José Román 0-0: Ball
1-0: Ball
2-0: Foul Ball, location: 2F
2-1: SINGLE (Groundball, 4MD)
Batting: RHB Shaun Puckett 0-0: Ground out 6-3 (Groundball, 6)
Bottom of the 7th over - 0 run(s), 2 hit(s), 0 error(s), 1 left on base; Moose Jaw 2 - Balzac 1
TOP OF THE 8TH
Moose Jaw Ghostbusters batting - Pitching for Balzac Rams : RHP John Wells
Batting: RHB Manuel Pérez 0-0: Ball
1-0: Called Strike
1-1: Foul Ball, location: 2F
1-2: Strikes out looking
Batting: LHB Will Vale 0-0: Called Strike
0-1: DOUBLE (Line Drive, 34D)
Batting: RHB John Major 0-0: Called Strike
0-1: Foul Ball, location: 2F
0-2: DOUBLE (Flyball, 8RXD)
Will Vale scores
Batting: RHB Paco Hernández 0-0: Ball
1-0: Called Strike
1-1: Called Strike
1-2: Ball
2-2: Foul Ball, location: 2F
2-2: Strikes out looking
Batting: LHB Dave Stewart 0-0: Ball
1-0: Ball
2-0: Fly out, F5 (Popup, 5L)
Top of the 8th over - 1 run(s), 2 hit(s), 0 error(s), 1 left on base; Moose Jaw 3 - Balzac 1
BOTTOM OF THE 8TH
Balzac Rams batting - Pitching for Moose Jaw Ghostbusters : LHP Martin White
Batting: RHB Luis Suárez 0-0: SINGLE (Line Drive, 34D)
Batting: RHB Jeff Stevenson 0-0: Ball
1-0: Foul Ball, location: 2F
1-1: Ball
2-1: Foul Ball, location: 2F
2-2: Grounds into double play, 5-4-3 (Groundball, 56)
Batting: RHB Brian Parks 0-0: Called Strike
0-1: Ball
1-1: DOUBLE (Groundball, 5L)
Pitching: RHP José Estrada
Batting: RHB Manuel Pérez 0-0: Foul Ball, location: 2F
0-1: Called Strike
0-2: Strikes out swinging
Bottom of the 8th over - 0 run(s), 2 hit(s), 0 error(s), 1 left on base; Moose Jaw 3 - Balzac 1
TOP OF THE 9TH
Moose Jaw Ghostbusters batting - Pitching for Balzac Rams : RHP John Wells
Pitching: RHP John Dickson
Batting: RHB Luis Miguel Sánchez 0-0: Called Strike
0-1: Fly out, F9 (Flyball, 9M)
Batting: RHB Dan Hooper 0-0: Ground out 6-3 (Groundball, 6M)
Batting: RHB Juan Vázquez 0-0: Called Strike
0-1: Ball
1-1: Ball
2-1: Swinging Strike
2-2: Foul Ball, location: 2F
2-2: Strikes out swinging
Top of the 9th over - 0 run(s), 0 hit(s), 0 error(s), 0 left on base; Moose Jaw 3 - Balzac 1
BOTTOM OF THE 9TH
Balzac Rams batting - Pitching for Moose Jaw Ghostbusters : RHP José Estrada
Pitching: LHP Júlio Aguilar
Batting: RHB Enrico Ramos 0-0: Called Strike
0-1: SINGLE (Groundball, 34D)
Batting: RHB Paul Spencer 0-0: Ball
1-0: Swinging Strike
1-1: Swinging Strike
1-2: Fly out, F7 (Popup, 6D)
Batting: RHB Ron Glass 0-0: Called Strike
0-1: Grounds into double play, U6-3 (Groundball, 6M)
Bottom of the 9th over - 0 run(s), 1 hit(s), 0 error(s), 0 left on base; Moose Jaw 3 - Balzac 1
Monday, December 5th, 2016 - OOTP Baseball 17.12 Build 75